 Dungeon Crawl Stone Soup version 0.25-a0-24-g72dcfe0359 (webtiles) character file.

Game seed: 10571418908096569502, levelgen mode: deterministic

261 pantherbaby the Sneak (level 6, -2/42 HPs)
             Began as an Octopode Assassin on Oct 17, 2019.
             Slain by a gnoll
             ... wielding a cursed -1 spear
              (8 damage)
             ... on level 3 of the Dungeon.
             The game lasted 00:13:54 (3652 turns).

pantherbaby the Sneak (Octopode Assassin)           Turns: 3652, Time: 00:13:55

Health: -2/42      AC:  1    Str: 11    XL:     6   Next: 18%
Magic:  6/6        EV: 13    Int: 13    God:
Gold:   118        SH:  4    Dex: 15    Spells: 5/5 levels left

rFire    . . .     SeeInvis .   f - +2 dagger (flame)
rCold    . . .     Gourm    .   p - +0 buckler
rNeg     . . .     Faith    .   (helmet restricted)
rPois    .         Spirit   .   (no amulet)
rElec    .         Reflect  .   (no ring)
rCorr    .         Harm     .   (no ring)
MR       .....                  (no ring)
Stlth    +++++.....             (no ring)
HPRegen  0.14/turn              (no ring)
MPRegen  0.10/turn              (no ring)
                                (no ring)
                                (no ring)

@: no status effects
A: almost no armour, stealthy swim, amphibious, 8 rings, constrict 8, camouflage
1, gelatinous body 1
a: no special abilities


You were on level 3 of the Dungeon.
You were not hungry.

You visited 1 branch of the dungeon, and saw 3 of its levels.

You collected 118 gold pieces.

Inventory:

Hand Weapons
 a - a +2 dagger
 f - a +2 dagger of flaming (weapon)
 A - a +0 hunting sling
Missiles
 b - 8 poisoned darts (quivered)
 c - 2 curare-tipped darts
 i - 122 stones
 t - 7 boomerangs
 v - 34 sling bullets
Armour
 p - a +0 buckler (worn)
Jewellery
 B - an uncursed ring of see invisible
Scrolls
 h - 3 scrolls of remove curse {unknown}
 k - a scroll of random uselessness {unknown}
 l - 2 scrolls of enchant weapon {unknown}
 m - a scroll of fog {unknown}
 q - a scroll of enchant armour {unknown}
 r - a scroll of blinking {unknown}
 s - 4 scrolls of identify {unknown}
 y - a scroll of fear {unknown}
Potions
 e - a potion of curing {unknown}
 g - a potion of ambrosia {unknown}
 j - 2 potions of lignification {unknown}
 n - 2 potions of brilliance {unknown}
 o - a potion of degeneration {unknown}
 u - a potion of cancellation {unknown}
 x - a potion of magic {unknown}
 z - a potion of resistance {unknown}
Comestibles
 d - 6 rations
 w - 3 chunks of flesh


   Skills:
 + Level 3.0 Fighting
 + Level 2.6 Short Blades
 + Level 2.3 Throwing
 + Level 1.4 Dodging
 + Level 7.9 Stealth
 * Level 2.3 Shields


You had 5 spell levels left.
You didn't know any spells.
Your spell library was empty.

Dungeon Overview and Level Annotations

Branches:
Dungeon (3/15)

Altars:


Innate Abilities, Weirdness & Mutations

You cannot wear most types of armour.
You are very stealthy in the water. (Stealth+)
You are amphibious.
You can wear up to eight rings at the same time.
You can use your tentacles to constrict eight enemies at once.
Your skin changes colour to match your surroundings (Stealth+).
Your rubbery body absorbs attacks. (AC +1, EV +1)


Message History

The gnoll is lightly wounded.
The gnoll hits you from afar with a cursed -1 spear.
The gnoll hits you with a +0 whip.
You hit the gnoll but do no damage. Your grab misses the gnoll.
The gnoll hits you with a +0 whip. You block the gnoll's attack.
You hit the gnoll. You burn the gnoll. Your grab misses the gnoll.
You squeeze the gnoll.
The gnoll is almost dead.
The gnoll hits you but does no damage. The gnoll hits you with a +0 spear.
* * * LOW HITPOINT WARNING * * *
The gnoll completely misses you. The gnoll hits you with a +0 whip.
* * * LOW HITPOINT WARNING * * *
You hit the gnoll. You burn the gnoll.
You kill the gnoll!
The gnoll barely misses you. The gnoll closely misses you.
You closely miss the gnoll. Your grab misses the gnoll.
The gnoll is lightly wounded.
The gnoll misses you.
The gnoll hits you from afar with a cursed -1 spear!
You die...

######## #......#
#...(... ####### #
####.... ###...#8###8##
#.... #.............
#.... #.....)g......
#.... #.....@.g.....
#.).. #.....#8###8##
#.... #.....###
########....
#....)..####.....#.....
#................#.....
#................#.....
###....................
######...................
#..................>..##.


You could see 2 gnolls.

Vanquished Creatures
  An orc wizard (D:3)
  Jessica (D:3)
  A worker ant (D:3)
  5 adders
  5 gnolls
  An ooze (D:3)
  3 worms
  3 leopard geckos
  9 orcs (D:3)
  A ball python (D:1)
  A giant cockroach (D:2)
  3 hobgoblins (D:3)
  6 jackals
  7 bats
  5 frilled lizards
  5 goblins
  9 kobolds
  7 rats
73 creatures vanquished.

Notes
Turn   | Place    | Note
-------+----------+-------------------------------------------
     0 | D:1      | pantherbaby the Octopode Assassin began the quest for the
                  | Orb.
     0 | D:1      | Reached XP level 1. HP: 14/14 MP: 1/1
   541 | D:1      | Reached XP level 2. HP: 18/19 MP: 2/2
   831 | D:2      | Reached skill level 6 in Stealth
   942 | D:2      | Reached XP level 3. HP: 11/25 MP: 3/3
  2112 | D:2      | Reached XP level 4. HP: 26/30 MP: 4/4
  2116 | D:2      | Reached skill level 1 in Shields
  2744 | D:3      | Reached skill level 7 in Stealth
  2789 | D:3      | Noticed Jessica
  2798 | D:3      | Killed Jessica
  2798 | D:3      | Reached XP level 5. HP: 35/35 MP: 5/5
  3221 | D:3      | Reached XP level 6. HP: 30/42 MP: 6/6
  3652 | D:3      | Slain by a gnoll

Levels and vault maps discovered:
D:1:      dpeg_arrival_court, layout_rooms
D:2:      layout_basic
D:3:      wander_river, layout_basic, first_ration, serial_corexii_hall,
          chequers_hall_statues_y, chequers_hall_statues_wall_a,
          corexii_hall_statues_deadend, uniq_jessica

Skill      XL: |  1  2  3  4  5 |
---------------+----------------+-----
Stealth        | 6 7 |  7.9
Shields        | 1 2 |  2.3
Fighting       | 3 |  3.0
Short Blades   | |  2.6
Throwing       | |  2.3
Dodging        | |  1.4

Action                   |  1- 3 |  4- 6 || total
-------------------------+-------+-------++-------
Melee: Dagger            |    51 |    82 ||   133
       Constrict         |    15 |    17 ||    32
       Tentacles         |     6 |    11 ||    17
 Stab: Sleeping          |     9 |    16 ||    25
  Eat: Chunk             |     3 |     5 ||     8
Armor: Skin              |     2 |     7 ||     9
Dodge: Dodged            |    24 |    29 ||    53
Block: Buckler           |     1 |    11 ||    12

Table legend:
 A = Non-vault XP
 B = Vault XP
 C = Vault XP percentage of total XP
 D = Non-vault monster count
 E = Vault monster count
 F = Vault count percentage of total count
                 A         B        C        D         E       F
            +---------+---------+-------+---------+---------+-------
      Total |     336 |      37 |   9.9 |      72 |       1 |   1.4
            +---------+---------+-------+---------+---------+-------
        D:1 |      11 |       0 |   0.0 |       8 |       0 |   0.0
        D:2 |     118 |       0 |   0.0 |      27 |       0 |   0.0
        D:3 |     207 |      37 |  15.2 |      37 |       1 |   2.6
            +---------+---------+-------+---------+---------+-------
